Map: Prion Terraces

Players

FireCake

  • Race: Zerg Zerg
  • League: Master

Zanster - Winner!

  • Race: Zerg Zerg

Event: DreamHack ROCCAT LotV Championship

VOD

Have the link to the VOD?

Description

Time

  • Played on: Nov. 26, 2015, 4:15 p.m.
  • Length: 3:28

All games in this series

Show
View Real Time Build Order
Export as new Build Order

FireCake Zerg 

Build Orders: Hatch First 

Get SALT Encoding   

  12  0:01  Drone  
  13  0:08  Drone  
  14  0:17  Overlord  
  14  0:23  Drone, Extractor  
  15  0:35  Drone x2  
  17  0:54  Hatchery, Drone  
  17  0:57  Drone  
  18  1:09  Extractor  
  17  1:12  Spawning Pool  
  17  1:15  Drone  
  17  1:19  Drone  
  18  1:27  Drone  
  19  1:37  Overlord  
  19  1:48  Drone  
  20  1:59  Queen  
  20  2:00  Zergling x2  
  23  2:05  Queen  
  23  2:06  Drone  
  26  2:16  Drone  
  26  2:20  Zergling x2  
  29  2:22  Zergling x2  
  29  2:29  Baneling Nest  
  28  2:30  Drone  
  28  2:32  Zergling x2  
  30  2:41  Drone  
  31  2:46  Overlord  
  31  2:51  Zergling x2  
  32  3:09  Zergling x12  
Show
View Real Time Build Order
Export as new Build Order

Zanster Zerg - Winner!

Build Orders: Pool First 

Get SALT Encoding   

  12  0:00  Drone  
  13  0:13  Overlord  
  13  0:18  Drone  
  14  0:32  Drone x2  
  16  0:36  Drone  
  16  0:38  Extractor  
  16  0:46  Spawning Pool  
  15  0:50  Drone  
  16  0:57  Drone  
  17  1:18  Hatchery  
  16  1:20  Drone  
  17  1:33  Queen  
  17  1:39  Metabolic Boost  
  19  1:43  Zergling x2  
  20  1:49  Zergling x2  
  20  1:54  Overlord  
  21  2:06  Zergling x2  
  22  2:11  Queen  
  24  2:19  Baneling Nest  
  24  2:20  Zergling x2  
  24  2:25  Zergling x2  
  24  2:29  Zergling x2  
  26  2:35  Zergling x2  
  27  2:39  Zergling x2  
  27  2:41  Zergling x2  
  29  2:48  Zergling x4  
  31  2:52  Zergling x4  
  31  2:57  Zergling x2  
  34  3:02  Overlord  
  34  3:10  Baneling  

Tags
 
Add a new tag
Caveats
  • Supply blocks, unpowered buildings, or Contaminate may cause inaccurate times.
  • Supply counts are checked every 10 seconds.